 Dungeon Crawl Stone Soup version 0.16.1-30-g34a7ffa (webtiles) character file.

61 Sirial the Magician (level 3, -1/25 HPs)
             Began as a Demonspawn Wizard on June 29, 2015.
             Killed by divine providence
             ... invoked by an orc priest
              (12 damage)
             ... on level 3 of the Dungeon.
             The game lasted 00:16:25 (2218 turns).

Sirial the Magician (Demonspawn Wizard)             Turns: 2218, Time: 00:16:25

Health: -1/25      AC:  2    Str:  7    XL:     3   Next: 83%
Magic:  0/8        EV: 12    Int: 20    God:
Gold:   98         SH:  0    Dex: 11    Spells: 5 memorised, 0 levels left

rFire  . . .     SeeInvis .     f - +3 dagger
rCold  . . .     Clarity  .     a - +0 robe
rNeg   . . .     SustAb   .     (no shield)
rPois  .         Gourm    .     b - +0 hat
rElec  .         Spirit   .     (no cloak)
rCorr  .         Warding  .     (no gloves)
rMut   .         Stasis   .     (no boots)
MR     .....                    (no amulet)
Stlth  +++.......               (no ring)
                                (no ring)

@: very slightly contaminated, not resistant to hostile enchantments, fairly
stealthy
A: nightstalker 1
a: no special abilities


You were on level 3 of the Dungeon.
You were not hungry.

You visited 1 branch of the dungeon, and saw 3 of its levels.

You collected 98 gold pieces.

Inventory:

Hand weapons
 d - a +0 hand axe
 e - a +1 vampiric dagger
 f - a +3 dagger (weapon)
Armour
 a - a +0 robe (worn)
 b - a +0 hat (worn)
Scrolls
 g - a scroll of magic mapping
 i - a scroll of remove curse
 j - a scroll of fog {unknown}
 k - a scroll of blinking {unknown}
 m - a scroll of teleportation
Potions
 l - a potion of brilliance
Books
 c - a book of Minor Magic

   Spells                             Type                      Level
   a - Magic Dart                     Conjuration                  1
   b - Blink                          Translocation                2
   c - Call Imp                       Summoning                    2
   d - Repel Missiles                 Charms/Air                   2
   e - Slow                           Hexes                        2
   f - Conjure Flame                  Conjuration/Fire             3
   g - Mephitic Cloud                 Conjuration/Poison/Air       3
Comestibles
 h - a bread ration


   Skills:
 + Level 0.6 Fighting
 + Level 2.3 Dodging
 + Level 2.1 Stealth
 + Level 0.3 Unarmed Combat
 + Level 3.7 Spellcasting
 + Level 1.2 Conjurations
 + Level 1.2 Summonings
 + Level 0.8 Translocations


You couldn't memorise any spells.
You knew the following spells:

 Your Spells              Type           Power        Failure   Level  Hunger
a - Magic Dart            Conj           #...         10%         1    None
b - Blink                 Tloc           N/A          17%         2    ##.....
c - Call Imp              Summ           #.......     14%         2    ##.....
d - Slow                  Hex            #.......     24%         2    ##.....
e - Repel Missiles        Chrm/Air       #.....       24%         2    ##.....


Dungeon Overview and Level Annotations

Branches:
Dungeon (3/15)

Altars:
Cheibriados
Xom
The Shining One


Innate Abilities, Weirdness & Mutations

You are slightly more attuned to the shadows.


Message History

Aiming: Magic Dart
Press: ? - help, Shift-Dir - straight line, f/p - orc priest
Aim: an orc priest, wielding a club (lightly wounded)
The magic dart hits the orc priest.
The orc priest is lightly wounded.
The orc priest mumbles some strange prayers to Beogh against you.
Pain shoots through your body!
Casting: Magic Dart
Confirm with . or Enter, or press ? or * to list all spells.
Aiming: Magic Dart
Press: ? - help, Shift-Dir - straight line, f/p - orc priest
Aim: an orc priest, wielding a club (lightly wounded)
The magic dart hits the orc priest.
The orc priest is lightly wounded.
The orc priest calls down the wrath of Beogh upon you.
Pain shoots through your body!
Ouch! That really hurt!
The orc priest mumbles some strange prayers to Beogh against you.
Something smites you!
You die...

#.# ......# #.#
........# #.#
..........# #.#
..........# #.#
...........# #.#
...........# #.#
............#####.#
........@..†......#
......5.....#######
...........#
...........#
.?...o....#
.$........#
........# ......#


You could see an orc priest and a friendly crimson imp.

Vanquished Creatures
  3 adders (D:2)
  A giant gecko (D:1)
  7 bats
  4 giant cockroaches (D:1)
  2 hobgoblins (D:1)
  5 goblins
  5 kobolds
  3 rats
30 creatures vanquished.

Vanquished Creatures (collateral kills)
  A giant gecko (D:2)
  A goblin (D:1)
  3 hobgoblins (D:1)
  2 kobolds (D:1)
  A giant newt (D:1)
8 creatures vanquished.

Grand Total: 38 creatures vanquished

Notes
Turn   | Place    | Note
--------------------------------------------------------------
     0 | D:1      | Sirial, the Demonspawn Wizard, began the quest for the Orb.
     0 | D:1      | Reached XP level 1. HP: 13/13 MP: 4/4
   252 | D:1      | Gained mutation: You are slightly more attuned to the shadows. [demonic ancestry]
   252 | D:1      | Reached XP level 2. HP: 14/19 MP: 1/6
   290 | D:1      | Learned a level 2 spell: Blink
   293 | D:1      | Learned a level 2 spell: Call Imp
   296 | D:1      | Learned a level 2 spell: Slow
  1225 | D:2      | Found a shimmering altar of Xom.
  1238 | D:2      | Reached XP level 3. HP: 21/24 MP: 1/8
  1361 | D:2      | Found a snail-covered altar of Cheibriados.
  1365 | D:2      | Found a glowing golden altar of the Shining One.
  1553 | D:2      | Learned a level 2 spell: Repel Missiles
  2218 | D:3      | Killed from afar by an orc priest

Action                   || total
-------------------------++-------
Melee: Unarmed           ||    59
       Dagger            ||    12
 Cast: Magic Dart        ||    70
       Call Imp          ||    10
       Blink             ||     1
  Use: Scroll            ||     7
       Potion            ||     2
  Eat: Bread ration      ||     1
